 Dungeon Crawl Stone Soup version 0.24.0-123-gd5b16e6ec5 (webtiles) character file.

Game seed: 2809075486624913528, levelgen mode: deterministic

1320 eccles the Slasher (level 8, -2/62 HPs)
             Began as a Demonspawn Abyssal Knight on Jan 17, 2020.
             Was a Priest of Lugonu.
             Killed from afar by an orc (24 damage)
             ... with a bolt of acid
             ... on level 6 of the Dungeon.
             The game lasted 00:32:05 (7740 turns).

eccles the Slasher (Demonspawn Abyssal Knight)      Turns: 7740, Time: 00:32:05

Health: -2/62      AC:  1    Str: 15    XL:     8   Next: 33%
Magic:  9/9        EV: 10    Int: 13    God:    Lugonu [***...]
Gold:   152        SH:  5    Dex: 13    Spells: 7/7 levels left

rFire    + . .     SeeInvis .   a - +2 falchion
rCold    . . .     Gourm    .   j - +1 buckler
rNeg     . . .     Faith    .   B - +0 chain mail
rPois    .         Spirit   .   (no helmet)
rElec    .         Reflect  .   (no cloak)
rCorr    .         Harm     .   (no gloves)
MR       .....                  (no boots)
Stlth    ..........             (no amulet)
HPRegen  0.20/turn              (no ring)
MPRegen  0.11/turn              (no ring)

@: corroded, repel missiles
A: claws 1, repulsion field 3, fire resistance 1
a: Depart the Abyss, Bend Space, Banish, Renounce Religion


You were on level 6 of the Dungeon.
You worshipped Lugonu.
Lugonu was most pleased with you.
You were not hungry.

You visited 1 branch of the dungeon, and saw 6 of its levels.
You visited the Abyss 1 time.

You collected 152 gold pieces.

Inventory:

Hand Weapons
 a - a +2 falchion (weapon)
 h - a cursed +0 hunting sling
 k - a +0 shortbow
 A - a +0 mace
Missiles
 n - 223 stones (quivered)
 u - 65 sling bullets
 v - 98 arrows
Armour
 b - a +0 leather armour
 j - a +1 buckler (worn)
 p - a +0 scale mail
 B - a +0 chain mail (worn)
Jewellery
 i - an uncursed amulet of rage {unknown}
 s - an uncursed amulet of the gourmand {unknown}
Wands
 x - a wand of paralysis (7)
 C - a wand of flame (9)
Scrolls
 d - 5 scrolls of teleportation
 f - 2 scrolls of fear
 g - 2 scrolls of enchant weapon
 m - a scroll of identify
 q - 5 scrolls of remove curse
 w - 2 scrolls of amnesia
 y - 3 scrolls of magic mapping
Potions
 e - a potion of invisibility {unknown}
 l - a potion of curing
 o - 3 potions of agility
 r - 3 potions of degeneration
 t - 2 potions of lignification {unknown}
Comestibles
 c - 7 rations
 z - 4 chunks of flesh


   Skills:
 * Level 5.3 Fighting
 * Level 6.7 Long Blades
 * Level 4.9 Armour
 + Level 1.7 Dodging
 + Level 0.1 Stealth
 + Level 1.0 Shields
 + Level 2.5 Invocations


You had 7 spell levels left.
You didn't know any spells.
Your spell library contained the following spells:

 Spells                   Type           Power        Failure   Level  Hunger
 Beastly Appendage        Tmut           #.....       100%        1    ##.....
 Sticks to Snakes         Tmut           #.......     100%        2    ###....
 Spider Form              Tmut/Pois      #.........   100%        3    ####...
 Ice Form                 Ice/Tmut       #.......     100%        4    #####..
 Blade Hands              Tmut           #.........   100%        5    ######.


Dungeon Overview and Level Annotations

Branches:
Dungeon (6/15)             Temple (0/1) D:4

Altars:
Cheibriados
Elyvilon
Makhleb
Nemelex Xobeh
Okawaru
Qazlal
Ru
Trog
Wu Jian
Yredelemnul
The Shining One

Annotations:
D:3 2 transporters, Sassenached's ghost, amateur HuWn


Innate Abilities, Weirdness & Mutations

You have sharp fingernails.
You are surrounded by a strong repulsion field. (EV +4, RMsl)
Your flesh is heat resistant. (rF+)


Message History

The crimson imp is severely wounded.
You block the crimson imp's attack.
You hit the crimson imp.
You kill the crimson imp!
Lugonu accepts your kill.
Your Shields skill increases to level 1!
The orc zaps a wand.
The bolt of acid misses you.
You hit the orc wizard.
The orc wizard is lightly wounded.
The orc wizard hits you but does no damage.
You barely miss the orc wizard.
The orc wizard is lightly wounded.
The orc wizard barely misses you.
You riposte.
You closely miss the orc wizard.
The orc wizard is lightly wounded.
The orc hits you but does no damage.
You hit the orc wizard but do no damage.
The orc wizard is lightly wounded.
The orc wizard hits you with a +0 dagger.
The orc zaps a wand.
The bolt of acid hits you!!
You die...

#..#.......#.# #.###.....##.#
#.# ####.# ##...###.# . #.#
..##.# #....# #.# .###.# #.##.#
#.#.####.####
....#####.##.###.#......)).)
#####...............###########
#......#####.##o#####
.##....ยง.......o@.#
...........)...####
.........####### ###.....##
#######


You could see an orc wizard and an orc.

Vanquished Creatures
  A water moccasin (D:5)
  An ogre (D:6)
  2 centaurs (D:6)
  2 bullfrogs (D:6)
  3 killer bees (D:6)
  2 crimson imps
  2 hounds
  3 jellies
  A centaur skeleton (D:5)
  2 iguanas
  Ijyb (D:4)
  2 orc wizards
  3 worker ants
  A killer bee zombie (D:5)
  A hound zombie (D:5)
  5 gnolls
  6 adders
  2 worms
  A dart slug (D:3)
  4 leopard geckos
  15 orcs
  2 ball pythons (D:2)
  9 bats
  5 giant cockroaches
  17 goblins
  3 hobgoblins
  9 jackals
  3 quokkas
  7 frilled lizards
  7 kobolds
  A leopard gecko skeleton (D:6)
  7 rats
130 creatures vanquished.

Vanquished Creatures (others)
  An orc (D:6)
1 creature vanquished.

Grand Total: 131 creatures vanquished

Notes
Turn   | Place    | Note
-------+----------+-------------------------------------------
     0 | Abyss:1  | eccles the Demonspawn Abyssal Knight began the quest for
                  | the Orb.
     0 | Abyss:1  | Reached XP level 1. HP: 18/18 MP: 2/2
    69 | Abyss:1  | Noticed a blink frog
    71 | D:1      | Escaped the Abyss
    87 | D:1      | Gained mutation: You have sharp fingernails. [demonic
                  | ancestry]
    87 | D:1      | Reached XP level 2. HP: 12/24 MP: 3/3
   166 | D:1      | Reached skill level 2 in Long Blades
   524 | D:1      | Reached * piety under Lugonu
   551 | D:1      | Gained mutation: Your flesh is heat resistant. (rF+)
                  | [demonic ancestry]
   551 | D:1      | Reached XP level 3. HP: 5/29 MP: 4/4
  2002 | D:2      | Found a sparkling altar of Nemelex Xobeh.
  2014 | D:2      | Reached skill level 1 in Dodging
  2014 | D:2      | Gained mutation: You are surrounded by a mild repulsion
                  | field. (EV +2) [demonic ancestry]
  2014 | D:2      | Reached XP level 4. HP: 37/37 MP: 5/5
  2433 | D:3      | Reached ** piety under Lugonu
  2439 | D:3      | Reached skill level 3 in Long Blades
  2792 | D:3      | Found a sacrificial altar of Ru.
  2798 | D:3      | Found an ornate altar of the Wu Jian Council.
  2798 | D:3      | Found an iron altar of Okawaru.
  2798 | D:3      | Found a glowing golden altar of the Shining One.
  2931 | D:3      | Found a transporter.
  2932 | D:3      | Noticed Sassenached's ghost (amateur HuWn)
  2933 | D:3      | Found a transporter.
  2933 | D:3      | Noticed an ogre
  2935 | D:3      | Identified the cursed +2 great mace of Tender Mercy {crush,
                  | +Blink MP+9 Dex+3}
  2935 | D:3      | Noticed an ogre
  3350 | D:4      | Reached XP level 5. HP: 42/42 MP: 6/6
  3357 | D:4      | Found a basalt altar of Yredelemnul.
  3899 | D:4      | Reached skill level 4 in Long Blades
  4210 | D:4      | Found a staircase to the Ecumenical Temple.
  4380 | D:4      | Reached XP level 6. HP: 8/49 MP: 7/7
  4819 | D:4      | Noticed Ijyb
  4845 | D:4      | Killed Ijyb
  4926 | D:5      | Entered Level 5 of the Dungeon
  5579 | D:5      | Noticed a water moccasin
  5593 | D:5      | Killed a water moccasin
  5988 | D:5      | Found a burning altar of Makhleb.
  5988 | D:5      | Found a stormy altar of Qazlal.
  5989 | D:5      | Found a snail-covered altar of Cheibriados.
  5989 | D:5      | Found a white marble altar of Elyvilon.
  5990 | D:5      | Found a bloodstained altar of Trog.
  6027 | D:5      | Gained mutation: You are surrounded by a moderate repulsion
                  | field. (EV +3) [demonic ancestry]
  6027 | D:5      | Reached XP level 7. HP: 38/55 MP: 8/8
  6211 | D:5      | Reached skill level 5 in Long Blades
  6242 | D:5      | Reached *** piety under Lugonu
  6614 | D:6      | Reached skill level 5 in Fighting
  6902 | D:6      | Reached skill level 6 in Long Blades
  7247 | D:6      | Gained mutation: You are surrounded by a strong repulsion
                  | field. (EV +4, RMsl) [demonic ancestry]
  7247 | D:6      | Reached XP level 8. HP: 46/62 MP: 9/9
  7737 | D:6      | Reached skill level 1 in Shields
  7740 | D:6      | Killed from afar by an orc

Levels and vault maps discovered:
D:1:      scummos_arrival_hexagon, layout_loops_ring
D:2:      layout_loops_cross, nemelex_xobeh_ov_fountains_minmay,
          roderic_roman_lattice, fountainhead
D:3:      layout_basic, grunt_temple_overflow_open, first_ration,
          gammafunk_ghost_smash, guppyfry_early_lair_pool
D:4:      kennysheep_the_goblin_king, layout_layer_cave, kennysheep_mini_moat,
          minmay_temple_entry_statues_fountains
D:5:      layout_loops_corners, bloody_makhleb,
          chequers_temple_overflow_statue_of_worship
D:6:      kennysheep_spiral_hall, layout_loops_ring, dk_noncrumbling_2,
          uniq_grinder

Skill      XL: |  1  2  3  4  5  6  7  8 |
---------------+-------------------------+-----
Armour         | 2 3 4 |  4.9
Long Blades    | 2 3 4 6 |  6.7
Fighting       | 4 5 |  5.3
Dodging        | 1 |  1.7
Shields        | 1 |  1.0
Stealth        | |  0.1
Invocations    | |  2.5

Action                   |  1- 3 |  4- 6 |  7- 9 || total
-------------------------+-------+-------+-------++-------
Melee: Falchion          |   113 |   248 |   200 ||   561
Invok: Depart the Abyss  |     1 |       |       ||     1
Evoke: Wand              |       |     1 |     1 ||     2
  Use: Potion            |       |     2 |     3 ||     5
       Scroll            |       |    12 |     1 ||    13
 Stab: Sleeping          |     1 |       |       ||     1
  Eat: Chunk             |     3 |     8 |     1 ||    12
       Ration            |       |     2 |     1 ||     3
Armor: Leather armour    |    33 |       |       ||    33
       Scale mail        |    18 |    71 |    21 ||   110
       Chain mail        |       |       |    48 ||    48
Dodge: Dodged            |    59 |   134 |    94 ||   287
Block: Buckler           |    10 |    39 |    38 ||    87
       Rpst.: Falchion   |    17 |    46 |    29 ||    92
